 Dungeon Crawl Stone Soup version 0.24-a0-446-g87df7205b4 (webtiles) character file.

Game seed: 1899028269898129191

627301 mortelune the Pyromancer (level 27, -3/168 HPs)
             Began as a Deep Elf Fire Elementalist on June 23, 2019.
             Was the Champion of Vehumet.
             Killed from afar by a quicksilver dragon (25 damage)
             ... with a bolt of dispelling energy
             ... on level 4 of the Depths.
             The game lasted 07:26:34 (135203 turns).

mortelune the Pyromancer (DEFE)                   Turns: 135203, Time: 07:26:35

Health: -3/168     AC: 28    Str: 25    XL:     27
Magic:  3/48       EV: 24    Int: 28    God:    Vehumet [******]
Gold:   1908       SH:  8    Dex: 23    Spells: 8/66 levels left

rFire    + + +     SeeInvis +   o - staff of energy
rCold    + . .     Gourm    .   n - +0 buckler {AC+3}
rNeg     . . .     Faith    .   k - +7 fire dragon scales
rPois    .         Spirit   .   p - +0 hat {MR+}
rElec    +         Reflect  +   S - +1 cloak {MR+}
rCorr    +         Harm     .   u - +0 pair of gloves of Baldness {rF+ rC+ rCorr}
MR       ++++.                  O - +0 pair of boots
Stlth    ++........             V - amulet of Doubts {Reflect Str+6 SH+2}
HPRegen  0.38/turn              N - ring "Jiefri" {rC+ Str+5 Dex+6 SInv Stlth+}
MPRegen  0.31/turn              M - ring of Gyqoq {rElec MP+9 Str+3 Dex+2}

@: studying Dodging
A: antennae 1, low mp 2
}: 3/15 runes: barnacled, slimy, gossamer
a: Renounce Religion


You were on level 4 of the Depths.
You worshipped Vehumet.
Vehumet was exalted by your worship.
You were not hungry.

You visited 12 branches of the dungeon, and saw 53 of its levels.
You visited the Abyss 1 time.
You also visited: Sewer, Ice Cave and Volcano.

You collected 8263 gold pieces.
You spent 6355 gold pieces at shops.

Inventory:

Hand Weapons
 h - the +12 dagger of the Seventy-Seven Wars {pain, rElec rC+ Int+4}
   (You took it off a merfolk on level 4 of the Shoals)

   In the hands of one skilled in necromantic magic, it inflicts extra damage on
   living creatures.
   It affects your intelligence (+4).
   It protects you from cold.
   It insulates you from electricity.
Armour
 k - +7 fire dragon scales (worn)
 n - a +0 buckler of protection (worn)
 p - a +0 hat of magic resistance (worn)
 u - the +0 pair of gloves of Baldness (worn) {rF+ rC+ rCorr}
   (You acquired it on level 3 of the Crypt)

   It protects you from fire.
   It protects you from cold.
   It provides partial protection from all sources of acid and corrosion.
 J - the +4 shield of Guvenwoi {SInv}
   (You found it on level 4 of the Vaults)

   It lets you see invisible.
 O - a +0 pair of boots (worn)
 S - a +1 cloak of magic resistance (worn)
Magical Staves
 o - an uncursed staff of energy (weapon)
 I - an uncursed staff of fire
Jewellery
 b - the ring "Taarawno" {Fire +Inv rN+ Stlth+}
   (You found it on level 5 of the Pits of Slime)

   [ring of fire]

   It enhances your fire magic.
   It protects you from fire.
   It makes you vulnerable to cold.
   It protects you from negative energy.
   It lets you turn invisible.
   It makes you more stealthy.
 l - the ring of Bochojodd {rN+ EV+6}
   (You bought it in a shop on level 1 of the Depths)

   [ring of evasion]

   It affects your evasion (+6).
   It protects you from negative energy.
 C - the amulet of Besiuloi {RegenMP rF+}
   (You took it off a deep elf demonologist on level 2 of the Depths)

   [amulet of magic regeneration]

   It increases your magic regeneration.
   It protects you from fire.
 M - the ring of Gyqoq (right hand) {rElec MP+9 Str+3 Dex+2}
   (You bought it in a shop on level 1 of the Depths)

   [ring of magical power]

   It affects your strength (+3).
   It affects your dexterity (+2).
   It insulates you from electricity.
   It affects your magic capacity (+9).
 N - the ring "Jiefri" (left hand) {rC+ Str+5 Dex+6 SInv Stlth+}
   (You took it off Sojobo on level 3 of the Depths)

   [ring of strength]

   It affects your strength (+5).
   It affects your dexterity (+6).
   It protects you from cold.
   It lets you see invisible.
   It makes you more stealthy.
 P - the ring of Tecsasid {+Blink +Inv rPois}
   (You found it on level 3 of the Depths)

   [ring of poison resistance]

   It protects you from poison.
   It lets you turn invisible.
   It lets you blink.
 R - the ring "Baenetem" {rElec rC- rN+ MP+9}
   (You took it off a centaur warrior on level 3 of the Depths)

   [ring of magical power]

   It makes you vulnerable to cold.
   It insulates you from electricity.
   It protects you from negative energy.
   It affects your magic capacity (+9).
 V - the amulet of Doubts (around neck) {Reflect Str+6 SH+2}
   (You acquired it on level 3 of the Crypt)

   [amulet of reflection]

   It shields you and reflects attacks.
   It affects your strength (+6).
   It affects your SH (+2).
Wands
 j - a wand of clouds (4)
 x - a wand of enslavement (45)
 H - a wand of paralysis (39)
 W - a wand of polymorph (59)
 X - a wand of acid (20)
 Y - a wand of digging (37)
Scrolls
 d - a scroll of summoning
 e - 31 scrolls of remove curse
 g - 4 scrolls of teleportation
 q - 6 scrolls of amnesia
 w - 4 scrolls of holy word
 y - 10 scrolls of fog
 B - 3 scrolls of immolation
 D - a scroll of magic mapping
 K - 6 scrolls of enchant weapon
 Q - 4 scrolls of identify
 T - 4 scrolls of silence
 Z - 3 scrolls of fear
Potions
 a - 2 potions of ambrosia
 f - 4 potions of agility
 i - 3 potions of resistance
 m - 15 potions of brilliance
 r - 16 potions of curing
 s - 3 potions of cancellation
 t - 4 potions of invisibility
 v - 4 potions of might
 z - 6 potions of haste
 A - 10 potions of flight
 F - 6 potions of mutation
 L - 3 potions of magic
Books
 U - a manual of Dodging
Miscellaneous
 E - a crystal ball of energy
Comestibles
 c - 13 rations


   Skills:
 + Level 16.2 Fighting
   Level 3.0(6.5) Polearms
 - Level 11.7(12.0) Staves
 - Level 14.0 Armour
 + Level 16.6 Dodging
 - Level 2.4 Stealth
 - Level 4.0 Shields
 + Level 20.3 Spellcasting
 + Level 21.7 Conjurations
 - Level 3.0 Translocations
 * Level 23.7 Fire Magic
 - Level 7.0 Air Magic
 - Level 15.0 Earth Magic


You had 8 spell levels left.
You knew the following spells:

 Your Spells              Type           Power        Failure   Level  Hunger
a - Flame Tongue          Conj/Fire      #####        0%          1    None
b - Throw Flame           Conj/Fire      ######       0%          2    None
c - Conjure Flame         Conj/Fire      ########     0%          3    None
d - Sticky Flame          Conj/Fire      ########     0%          4    None
e - Fireball              Conj/Fire      ########..   0%          5    None
f - Iron Shot             Conj/Erth      #######...   1%          6    None
g - Blink                 Tloc           N/A          1%          2    None
h - Shock                 Conj/Air       ####         0%          1    None
q - Airstrike             Air            ######....   1%          4    None
r - Orb of Destruction    Conj           ########..   1%          7    None
s - Bolt of Fire          Conj/Fire      ########..   1%          6    None
t - Ignition              Fire           ########..   1%          8    None
x - Fire Storm            Conj/Fire      ########..   7%          9    None

Your spell library contained the following spells:

 Spells                   Type           Power        Failure   Level  Hunger
 Glaciate                 Conj/Ice       ######....   100%        9    None
 Magic Dart               Conj           ####         0%          1    None
 Sandblast                Erth           ######       0%          1    None
 Searing Ray              Conj           ######       0%          2    None
 Stone Arrow              Conj/Erth      ######       0%          3    None
 Iskenderun's Mystic Bla  Conj           ########     0%          4    None
 Bolt of Magma            Conj/Fire/Erth #######...   0%          5    None
 Apportation              Tloc           #####.       1%          1    None
 Freeze                   Ice            ####         1%          1    None
 Sting                    Conj/Pois      ####         1%          1    None
 Passwall                 Tmut/Erth      ######..     1%          2    None
 Poisonous Vapours        Pois/Air       #####.       1%          2    None
 Swiftness                Chrm/Air       #####...     1%          2    None
 Throw Frost              Conj/Ice       ######       1%          2    None
 Dazzling Spray           Conj/Hex       ######       1%          3    None
 Ignite Poison            Fire/Tmut/Pois ######..     1%          3    None
 Inner Flame              Hex/Fire       #######.     1%          3    None
 Mephitic Cloud           Conj/Pois/Air  ######..     1%          3    None
 Static Discharge         Conj/Air       #######.     1%          3    None
 Force Lance              Conj/Tloc      #######.     1%          4    None
 Fulminant Prism          Conj/Hex       ######....   1%          4    None
 Leda's Liquefaction      Hex/Erth       ######....   1%          4    None
 Petrify                  Tmut/Erth      ######..     1%          4    None
 Throw Icicle             Conj/Ice       ######..     1%          4    None
 Irradiate                Conj/Tmut      ######....   1%          5    None
 Iskenderun's Battlesphe  Conj/Chrm      ######..     1%          5    None
 Lee's Rapid Deconstruct  Erth           #######...   1%          5    None
 Lightning Bolt           Conj/Air       #######...   1%          5    None
 Venom Bolt               Conj/Pois      ######....   1%          5    None
 Bolt of Cold             Conj/Ice       ######....   1%          6    None
 Conjure Ball Lightning   Conj/Air       #######...   1%          6    None
 Shroud of Golubria       Chrm/Tloc      #####.       2%          2    None
 Gell's Gravitas          Tloc           #####.....   2%          3    None
 Lesser Beckoning         Tloc           #####.....   2%          3    None
 Teleport Other           Tloc           #####...     2%          3    None
 Freezing Cloud           Conj/Ice/Air   ######....   2%          6    None
 Animate Skeleton         Necr           N/A          3%          1    None
 Beastly Appendage        Tmut           ####..       3%          1    None
 Confusing Touch          Hex            ####..       3%          1    None
 Corona                   Hex            ####...      3%          1    None
 Infusion                 Chrm           ####         3%          1    None
 Pain                     Necr           ####         3%          1    None
 Summon Butterflies       Summ           ####....     3%          1    None
 Summon Small Mammal      Summ           ####         3%          1    None
 Borgnjor's Vile Clutch   Necr/Erth      ######....   3%          5    None
 Call Imp                 Summ           ####....     4%          2    None
 Corpse Rot               Necr           N/A          4%          2    None
 Ensorcelled Hibernation  Hex/Ice        ####..       4%          2    None
 Slow                     Hex            ####....     4%          2    None
 Song of Slaying          Chrm           ####....     4%          2    None
 Sticks to Snakes         Tmut           ####....     4%          2    None
 Sublimation of Blood     Necr           ####......   4%          2    None
 Portal Projectile        Hex/Tloc       #####.       4%          3    None
 Recall                   Summ/Tloc      N/A          4%          3    None
 Summon Lightning Spire   Summ/Air       #####...     7%          4    None
 Olgreb's Toxic Radiance  Pois           ####....     8%          4    None
 Spellforged Servitor     Conj/Summ      ######....   8%          7    None
 Call Canine Familiar     Summ           ####....     9%          3    None
 Confuse                  Hex            ####....     9%          3    None
 Ozocubu's Armour         Chrm/Ice       ####....     9%          3    None
 Regeneration             Chrm/Necr      ####......   9%          3    None
 Spectral Weapon          Hex/Chrm       ####....     9%          3    None
 Spider Form              Tmut/Pois      ####......   9%          3    None
 Summon Guardian Golem    Hex/Summ       ####....     9%          3    None
 Tukima's Dance           Hex            ####....     9%          3    None
 Vampiric Draining        Necr           ####......   9%          3    None
 Silence                  Hex/Air        #####.....   19%         5    None
 Ring of Flames           Chrm/Fire      #######...   19%         7    None
 Yara's Violent Unravell  Hex/Tmut       ####......   21%         5    None
 Statue Form              Tmut/Erth      ######...    21%         6    None
 Animate Dead             Necr           N/A          28%         4    None
 Cause Fear               Hex            ####......   28%         4    None
 Ice Form                 Ice/Tmut       ####....     28%         4    None
 Summon Ice Beast         Ice/Summ       ####....     28%         4    None
 Summon Forest            Summ/Tloc      #####.....   41%         5    None
 Alistair's Intoxication  Tmut/Pois      ####....     63%         5    None
 Aura of Abjuration       Summ           ####......   63%         5    None
 Blade Hands              Tmut           ####......   63%         5    None
 Excruciating Wounds      Chrm/Necr      ####......   63%         5    None
 Metabolic Englaciation   Hex/Ice        ####......   63%         5    None
 Summon Demon             Summ           ####......   63%         5    None
 Summon Mana Viper        Hex/Summ       ####....     63%         5    None
 Deflect Missiles         Chrm/Air       #####.....   71%         6    None
 Ozocubu's Refrigeration  Ice            ####......   71%         6    None
 Darkness                 Hex            ####......   99%         6    None
 Hydra Form               Tmut           ####......   99%         6    None
 Invisibility             Hex            ####....     99%         6    None
 Shadow Creatures         Summ           N/A          99%         6    None
 Simulacrum               Ice/Necr       ####......   99%         6    None
 Dragon Form              Tmut           ####......   100%        7    None
 Haunt                    Necr/Summ      ####......   100%        7    None
 Summon Hydra             Summ           ####......   100%        7    None
 Borgnjor's Revivificati  Necr           ####......   100%        8    None
 Controlled Blink         Tloc           N/A          100%        8    None
 Death's Door             Chrm/Necr      ####......   100%        8    None
 Discord                  Hex            ####......   100%        8    None
 Infestation              Necr           ####......   100%        8    None
 Necromutation            Tmut/Necr      ####......   100%        8    None
 Shatter                  Erth           #######...   80%         9    None


Dungeon Overview and Level Annotations

Branches:
Dungeon (15/15)            Temple (1/1) D:6            Lair (6/6) D:10
 Shoals (4/4) Lair:4       Spider (4/4) Lair:3        Slime (5/5) Lair:6
    Orc (2/2) D:12            Elf (3/3) Orc:2        Vaults (4/5) D:13
  Crypt (3/3) Vaults:2       Tomb (0/3) Crypt:3      Depths (5/5) D:15
    Zot (1/5) Depths:5

Altars:
Ashenzari
Cheibriados
Dithmenos
Elyvilon
Fedhas
Gozag
Hepliaklqana
Kikubaaqudgha
Makhleb
Nemelex Xobeh
Okawaru
Qazlal
Ru
Sif Muna
Trog
Uskayaw
Vehumet
Wu Jian
Xom
Yredelemnul
Zin
The Shining One
Beogh
Jiyva

Shops:
D:7 %   D:8 }   D:11 }   Orc:2 [:*?(   Elf:1 *   Elf:3 !   Shoals:2 =([
Shoals:3 *   Vaults:4 [   Depths:1 =}=

Portals:
Hell: Depths:1 Depths:2 Depths:3 Depths:4 Depths:5
Abyss: Depths:4
Pandemonium: Depths:3
Ziggurat: Depths:2

Annotations:
D:4 Blork the orc
Lair:1 exclusion: downstairs
Spider:1 exclusion: 2 downstairs
Slime:2 exclusion: downstairs
Vaults:1 exclusion: downstairs
Depths:2 exclusion: downstairs


Innate Abilities, Weirdness & Mutations

You have a pair of small antennae on your head.
Your magical capacity is very low. (-20% MP)


Message History

(? for menu, Esc to cancel) < or
N - the ring "Jiefri" {rC+ Str+5 Dex+6 SInv Stlth+} > or
P - the ring of Tecsasid {+Blink +Inv rPois} You remove the ring of Tecsasid {+Blink +Inv rPois}.
The quicksilver dragon barely misses you.
The quicksilver dragon claws you but does no damage.
You feel your magic capacity increase.
M - the ring of Gyqoq (right hand) {rElec MP+9 Str+3 Dex+2} The quicksilver dragon bites you!
* * * LOW HITPOINT WARNING * * *
You block the quicksilver dragon's attack.
Casting: Iron Shot (safe; 1% risk of failure)
Confirm with . or Enter, or press ? or * to list all spells.
You blink.
As you read the scroll of teleportation, it crumbles to dust.
You feel strangely unstable.
The quicksilver dragon breathes dispelling energy at you.
The bolt of dispelling energy hits you!!
You feel strangely stable.
You die...

######.####'#.##.#######
.......##:.##.##..## #.#
.......##..##......###.#
####...#'##'#...##..#.##
'##'#...####...........#
#..##..................#
#(.##..........#########
'##'#...........##.#
####....##ยง.D...@..#
........##.>[.###..#
........###...# ##.#
.........#....# #.#
...##.........# ###
..###........##
..........#..#
.###......#.## ##
#.###..###


You could see a quicksilver dragon.

Vanquished Creatures
  the Royal Jelly (Slime:5)
  3 ancient liches
  3 juggernauts
  Sojobo (Depths:3)
  Boris (twice) (Depths:3 Depths:5)
  4 golden dragons
  2 bone dragons (Crypt:3)
  A Tzitzimitl (Depths:2)
  A shard shrike skeleton (Crypt:1)
  4 tentacled monstrosities
  7 liches
  2 deep elf blademasters (Elf:3)
  A quicksilver dragon (Depths:4)
  A deep elf master archer (Elf:3)
  A titan (Depths:4)
  5 sphinxes
  Frances (Lair:4)
  2 death cobs (Depths:5)
  4 storm dragons
  5 tengu reavers
  18 acid blobs
  11 ancient champions
  Donald (Vaults:4)
  4 draconian monks
  7 shadow dragons
  Roxanne (Shoals:1)
  4 revenants
  8 azure jellies
  Ilsuiw (Shoals:4)
  10 frost giants
  2 draconian knights
  An orc warlord (Elf:1)
  9 fire giants
  4 ghost moths
  8 vault wardens
  3 iron dragons
  5 curse skulls
  6 deep elf sorcerers
  7 emperor scorpions
  3 deep elf elementalists (Elf:3)
  Louise (Elf:2)
  3 ghouls
  6 reapers
  5 spriggan defenders
  The ghost of Voker57 the Wallflower, a journeyman DsMo of Uskayaw (Lair:3)
  14 very ugly things
  3 caustic shrike skeletons
  10 ironheart preservers
  3 entropy weavers
  19 stone giants
  3 green draconians (Depths:5)
  9 vampire knights
  5 deep elf demonologists
  The ghost of wilfster70 the Thaumaturge, a journeyman DrFE of Vehumet (Lair:6)
  12 deep elf annihilators
  5 black draconians
  3 red draconians (Depths:5)
  Azrael (Elf:2)
  6 ettins
  A purple draconian (Depths:5)
  15 spark wasps
  3 eidola
  10 deep elf death magi
  8 merfolk javelineers
  14 merfolk impalers
  11 fire dragons
  13 great orbs of eyes
  10 death oozes (Slime:5)
  2 jiangshi (Depths:2)
  5 yaktaur captains
  An ice dragon (shapeshifter) (Vaults:1)
  A deep elf high priest (Elf:3)
  7 hydras
  7 rakshasas
  16 vault guards
  Erolcha (Orc:1)
  A hell beast (Crypt:1)
  10 ice dragons
  3 merfolk avatars
  A spriggan air mage (Depths:3)
  6 death knights
  2 alligator snapping turtles
  31 two-headed ogres
  7 vampire magi
  6 merfolk aquamancers
  12 centaur warriors
  16 ogre magi
  22 dancing weapons
  An alligator (shapeshifter) (Vaults:3)
  13 deep troll shamans
  8 tengu warriors
  The ghost of Cynry the Cleaver, a novice FoAK of Lugonu (D:7)
  A satyr (Shoals:3)
  8 death scarabs (Spider:4)
  7 deep troll earth magi
  6 orc high priests
  2 titan zombies (Depths:2)
  5 death yaks
  3 spriggan berserkers
  6 spriggans (Depths:3)
  23 deep elf knights
  71 skeletal warriors
  3 soul eaters
  A wretched star (Abyss:1)
  A golden dragon zombie (Depths:2)
  9 iron trolls
  2 titan skeletons
  A sea snake (shapeshifter) (Vaults:1)
  30 deep trolls
  10 hell knights
  2 shadow demons (Depths:2)
  2 shadow wraiths
  A large abomination (Abyss:1)
  A swamp dragon (shapeshifter) (Depths:2)
  15 deep elf archers
  3 unseen horrors
  A spark wasp zombie (Depths:2)
  9 wizards
  4 sea snakes
  A kraken simulacrum (Shoals:4)
  A glowing orange brain (Vaults:3)
  A shadow dragon zombie (Depths:2)
  3 spectral wolf spiders (Spider:4)
  8 flayed ghosts
  An anaconda skeleton (Crypt:3)
  19 orc knights
  23 harpies
  3 phantasmal warriors
  A sphinx zombie (Depths:1)
  14 ironbrand convokers
  70 deep elf magi
  An orb spider (shapeshifter) (Elf:2)
  18 cyclopes
  23 orb spiders
  10 necromancers
  3 wolf spider zombies
  53 wolf spiders
  13 fauns
  16 manticores
  A fire giant zombie (Depths:2)
  5 orc sorcerers
  49 ugly things
  7 shining eyes
  2 shadow dragon skeletons
  7 elephants
  4 oklob plants
  A salamander (Depths:2)
  2 stone giant zombies
  A tengu skeleton (Depths:2)
  5 moths of wrath
  A worldbinder (Abyss:1)
  6 black mambas
  7 fire giant skeletons
  8 centaur zombies
  8 merfolk sirens
  2 guardian serpents (shapeshifter)
  An eye of devastation (shapeshifter) (Depths:5)
  A rust devil (Crypt:1)
  An eye of devastation (Slime:4)
  A grey draconian zombie (Crypt:1)
  A black mamba (shapeshifter) (Depths:5)
  A torpor snail (Spider:3)
  3 ice statues
  13 vault sentinels
  3 naga magi (Depths:3)
  11 water nymphs
  An orange demon (Crypt:1)
  A stone giant skeleton (Depths:2)
  6 gargoyles
  7 spiny frogs
  A black draconian zombie (Crypt:3)
  A swamp worm zombie (Crypt:1)
  A dire elephant skeleton (Crypt:3)
  A spiny frog (shapeshifter) (Elf:2)
  4 efreet
  5 spectral swamp worms (Depths:4)
  2 spectral redbacks (Spider:4)
  An emperor scorpion zombie (Crypt:3)
  4 kobold demonologists
  5 komodo dragons
  38 yaktaurs
  A catoblepas skeleton (Crypt:3)
  13 freezing wraiths
  2 hellions
  A rime drake (Lair:6)
  14 ice devils (IceCv)
  A spark wasp simulacrum (Depths:2)
  14 demonic crawlers
  A redback zombie (Spider:4)
  2 hellwings (Depths:1)
  A troll (shapeshifter) (Vaults:3)
  8 red devils
  A shadow dragon simulacrum (Depths:2)
  11 trolls
  A minotaur skeleton (Crypt:1)
  A death drake zombie (Crypt:1)
  10 polar bears (Lair:6)
  3 tengu conjurers
  35 jumping spiders
  6 wind drakes
  16 hornets
  4 spectral tarantellas (Spider:4)
  11 snapping turtles
  73 slime creatures
  13 hippogriffs
  A hippogriff (shapeshifter) (Vaults:4)
  A blink frog (shapeshifter) (Vaults:1)
  39 merfolk
  A spectral jumping spider (Spider:4)
  4 bog bodies
  4 dream sheep
  A hydra skeleton (Crypt:2)
  7 tarantella zombies
  A sphinx simulacrum (Depths:2)
  4 spriggan zombies
  18 blink frogs
  2 raiju (Lair:6)
  A meliai zombie (D:11)
  13 flying skulls
  5 spriggan skeletons
  75 redbacks
  4 elf skeletons
  39 tarantellas
  2 air elementals
  2 centaur simulacra (D:15)
  A deep troll skeleton (Depths:1)
  16 wraiths
  An ettin skeleton (Crypt:3)
  2 fire dragon skeletons (Crypt:3)
  4 shadows
  A spriggan (shapeshifter) (Vaults:2)
  15 water elementals
  An ice dragon skeleton (Crypt:3)
  2 tarantellas (shapeshifter)
  A wyvern (shapeshifter) (Vaults:1)
  4 fire elementals
  25 yaks
  A fire bat (shapeshifter) (Depths:4)
  11 golden eyes
  4 basilisks
  2 yaks (shapeshifter)
  A steam dragon (D:11)
  4 hungry ghosts
  6 wyverns (Lair:4)
  9 vampire mosquitoes
  2 two-headed ogre zombies (D:12)
  Menkaure (D:5)
  6 wargs
  A torturous demonspawn zombie (Crypt:1)
  A soldier ant (D:13)
  3 acid dragons
  Edmund (D:5)
  A small abomination (Abyss:1)
  Duvessa (D:6)
  7 water moccasins
  2 spectral hornets (Spider:4)
  3 floating eyes
  A spiny frog skeleton (Crypt:3)
  22 hell hounds
  Purgy (Sewer)
  4 porcupines
  5 sky beasts
  2 hornet zombies
  A spriggan simulacrum (Depths:2)
  13 black bears
  4 ice beasts
  39 orc warriors
  7 necrophages
  5 phantoms
  A two-headed ogre skeleton (Crypt:2)
  An ettin simulacrum (Depths:2)
  6 boggarts
  18 wolves
  20 centaurs
  An elephant zombie (Crypt:1)
  A lindwurm skeleton (Crypt:2)
  41 ogres
  5 eyes of draining
  A manticore skeleton (Crypt:1)
  9 crocodiles
  A komodo dragon zombie (Crypt:2)
  7 big kobolds
  4 earth elementals
  20 bullfrogs
  A wyvern zombie (D:6)
  Dowan (D:6)
  A spiny frog simulacrum (Crypt:1)
  A wyvern skeleton (D:11)
  A water moccasin zombie (D:11)
  4 scorpions
  15 killer bees
  A troll zombie (D:12)
  3 electric eels
  4 howler monkeys
  7 wights
  13 crimson imps
  2 wolf skeletons
  3 bullfrog zombies
  2 quasits (D:10)
  5 jellies
  27 orc priests
  23 orc wizards
  A water moccasin simulacrum (D:11)
  4 hounds
  5 centaur skeletons
  A gnoll shaman (D:5)
  A bullfrog skeleton (D:8)
  7 iron imps (Crypt:1)
  5 iguanas
  A human skeleton (Crypt:3)
  Natasha (thrice) (D:3)
  13 worker ants
  5 hell rats
  A felid zombie (Crypt:2)
  5 ogre zombies (D:12)
  A sky beast zombie (Crypt:1)
  A dwarf skeleton (Crypt:2)
  A hound zombie (D:8)
  2 hound skeletons
  11 adders
  10 gnolls
  8 shadow imps
  6 white imps (IceCv)
  9 ufetubi (IceCv)
  6 oozes
  An iguana zombie (Crypt:3)
  2 adder skeletons
  A worm (D:3)
  2 dart slugs
  3 leopard geckos
  93 orcs
  4 bats
  8 giant cockroaches
  6 goblins
  9 hobgoblins
  7 jackals (D:1)
  15 kobolds
  A quokka (D:5)
  5 ball pythons
  A ball python skeleton (D:6)
  7 frilled lizards
  A frilled lizard zombie (Crypt:2)
  3 goblin skeletons (D:12)
  3 goblin zombies (D:12)
  2 hobgoblin skeletons (D:12)
  4 hobgoblin zombies (D:12)
  A jackal skeleton (D:6)
  A kobold skeleton (Crypt:2)
  A leopard gecko skeleton (D:5)
  2 orc skeletons (D:12)
  11 orc zombies (D:12)
  A quokka skeleton (Crypt:3)
  10 rats
  A rat zombie (Crypt:1)
  2 fungi
  18 plants
2572 creatures vanquished.

Vanquished Creatures (collateral kills)
  A green draconian (Zot:1)
  A death ooze (Slime:5)
  A great orb of eyes (Slime:5)
  A skeletal warrior (Crypt:3)
  A slime creature (Slime:5)
  A golden eye (Slime:5)
6 creatures vanquished.

Vanquished Creatures (others)
  A blizzard demon (IceCv)
  An ettin (Depths:1)
  A soul eater (Depths:2)
  A deep elf knight (Elf:3)
  A sea snake (Shoals:4)
  A deep elf mage (Depths:3)
  A moth of wrath (Lair:5)
  Grinder (D:4)
  A raiju (shapeshifter) (Depths:1)
  A hippogriff (Lair:6)
  A porcupine (Lair:5)
  2 ogres
  An orc priest (Orc:2)
  2 orc wizards (Orc:2)
  A worker ant zombie (D:11)
  A white imp (IceCv)
  An ufetubus (IceCv)
  47 fire vortices
  27 fungi
  27 plants
120 creatures vanquished.

Grand Total: 2698 creatures vanquished

Notes
Turn   | Place    | Note
-------+----------+-------------------------------------------
     0 | D:1      | mortelune the Deep Elf Fire Elementalist began the quest
                  | for the Orb.
     0 | D:1      | Reached XP level 1. HP: 10/10 MP: 6/6
   734 | D:1      | Reached XP level 2. HP: 15/15 MP: 6/8
   738 | D:1      | Learned a level 2 spell: Throw Flame
  1496 | D:1      | Reached XP level 3. HP: 19/19 MP: 4/9
  1672 | D:1      | Learned a level 3 spell: Conjure Flame
  2427 | D:2      | Reached skill level 4 in Fire Magic
  3023 | D:3      | Reached XP level 4. HP: 24/24 MP: 4/11
  3092 | D:3      | Found an iron altar of Okawaru.
  3140 | D:3      | Found a burning altar of Makhleb.
  3140 | D:3      | Found a shimmering altar of Xom.
  3161 | D:3      | Noticed Natasha
  3172 | D:3      | Learned a level 4 spell: Sticky Flame
  3177 | D:3      | Killed Natasha
  3288 | D:3      | Noticed Natasha
  3297 | D:3      | Killed Natasha
  3495 | D:3      | Found a stormy altar of Qazlal.
  3561 | D:3      | Reached XP level 5. HP: 28/28 MP: 3/12
  4367 | D:3      | Noticed Natasha
  4372 | D:3      | Killed Natasha
  4372 | D:3      | Reached skill level 1 in Fighting
  4671 | D:3      | Reached XP level 6. HP: 6/34 MP: 0/14
  5070 | D:2      | Reached skill level 5 in Fire Magic
  5267 | D:4      | Noticed Grinder
  5278 | D:4      | Killed Grinder
  5344 | D:4      | Noticed Blork the orc
  5730 | D:4      | Reached XP level 7. HP: 38/38 MP: 7/16
  5966 | D:4      | Found an ancient bone altar of Kikubaaqudgha.
  6081 | D:4      | Found a hide-covered altar of Uskayaw.
  6097 | D:4      | Reached skill level 5 in Spellcasting
  6478 | D:5      | Entered Level 5 of the Dungeon
  6506 | D:5      | Found a glowing drain.
  6521 | Sewer    | Entered a sewer
  6692 | Sewer    | Noticed Purgy
  6713 | Sewer    | Killed Purgy
  6861 | D:5      | Reached skill level 5 in Conjurations
  6861 | D:5      | Reached skill level 6 in Fire Magic
  7290 | D:5      | Reached XP level 8. HP: 44/44 MP: 11/19
  7297 | D:5      | Learned a level 5 spell: Fireball
  7588 | D:5      | Reached skill level 5 in Dodging
  7901 | D:5      | Noticed Edmund
  8048 | D:5      | Killed Edmund
  8132 | D:5      | Noticed Menkaure
  8138 | D:5      | Killed Menkaure
  8138 | D:5      | Reached skill level 7 in Fire Magic
  8363 | D:6      | Found a hazy altar of Hepliaklqana.
  8363 | D:6      | Found a transporter.
  8363 | D:6      | Noticed a kobold demonologist
  8369 | D:6      | Found a transporter.
  8659 | D:6      | You fall into a shaft and drop 1 floor!
  8659 | D:7      | Found Coarhay's Food Emporium.
  8747 | D:6      | Got a warped arbalest
  8750 | D:6      | Identified the +9 arbalest of Gehenna {velocity, +Inv rC+}
                  | (You found it on level 6 of the Dungeon)
  9127 | D:6      | Noticed Duvessa
  9136 | D:6      | Noticed Dowan
  9145 | D:6      | Killed Duvessa
  9145 | D:6      | Reached XP level 9. HP: 50/50 MP: 3/22
  9177 | D:6      | Found a staircase to the Ecumenical Temple.
  9188 | Temple   | Entered the Ecumenical Temple
  9367 | Temple   | Became a worshipper of Vehumet
  9433 | D:6      | Killed Dowan
 10011 | D:7      | Reached skill level 8 in Fire Magic
 10373 | D:7      | Found a runed translucent gate.
 10373 | D:7      | Found a runed translucent gate.
 10373 | D:7      | Found a runed translucent gate.
 10373 | D:7      | Noticed Cynry's ghost (novice FoAK)
 10867 | D:8      | Found a shattered altar of Ashenzari.
 10878 | D:8      | Found Ohaemih's Gadget Boutique.
 10886 | D:8      | Bought a wand of iceblast (8) for 180 gold pieces
 11177 | D:8      | Found a shadowy altar of Dithmenos.
 11592 | D:8      | You fall into a shaft and drop 2 floors!
 11592 | D:10     | Entered Level 10 of the Dungeon
 11628 | D:10     | Reached * piety under Vehumet
 11628 | D:10     | Offered knowledge of Shock by Vehumet.
 11630 | D:10     | Noticed a two-headed ogre
 11657 | D:10     | Reached XP level 10. HP: 31/56 MP: 6/25
 12471 | D:9      | Reached skill level 9 in Fire Magic
 12818 | D:9      | Learned a level 1 spell: Shock
 13860 | D:10     | Offered knowledge of Throw Frost by Vehumet.
 13866 | D:10     | Reached ** piety under Vehumet
 13886 | D:10     | Reached skill level 1 in Shields
 14278 | D:10     | Killed a two-headed ogre
 14437 | D:10     | Noticed an oklob plant
 14445 | D:10     | Killed an oklob plant
 14949 | D:10     | Found a staircase to the Lair.
 14996 | D:10     | Reached skill level 10 in Fire Magic
 15446 | D:10     | Learned a level 2 spell: Throw Frost
 15447 | Lair:1   | Entered Level 1 of the Lair of Beasts
 15753 | Lair:1   | Noticed a black mamba
 15758 | Lair:1   | Killed a black mamba
 16322 | Lair:2   | Reached XP level 11. HP: 62/62 MP: 19/26
 16325 | Lair:2   | Noticed an eight-headed hydra
 17259 | Lair:2   | Offered knowledge of Ignite Poison by Vehumet.
 17626 | Lair:2   | Killed an eight-headed hydra
 17626 | Lair:2   | Reached skill level 5 in Fighting
 17626 | Lair:2   | Reached skill level 10 in Conjurations
 18381 | Lair:3   | Noticed a six-headed hydra
 18386 | Lair:3   | Killed a six-headed hydra
 18512 | Lair:3   | Noticed a five-headed hydra
 18549 | Lair:3   | Killed a five-headed hydra
 18549 | Lair:3   | Reached skill level 11 in Fire Magic
 18747 | Lair:3   | Reached *** piety under Vehumet
 18941 | Lair:3   | Found a runed translucent door.
 19088 | Lair:3   | Found a shimmering altar of Xom.
 19088 | Lair:3   | Noticed Voker57's ghost (journeyman DsMo)
 19088 | Lair:3   | Noticed a +0 trident of chaos
 19219 | Lair:3   | Found a hole to the Spider Nest.
 19220 | Lair:3   | Noticed a wolf spider
 19223 | Lair:3   | Killed a wolf spider
 19223 | Lair:3   | Reached skill level 10 in Spellcasting
 19240 | Lair:3   | Got a scorched leather armour
 19251 | Lair:3   | Identified the +3 leather armour of Polish {-Cast rN+
                  | rCorr} (You found it on level 3 of the Lair of Beasts)
 19926 | Lair:4   | Learned a level 4 spell: Airstrike
 19969 | Lair:4   | Noticed an oklob plant
 20251 | Lair:4   | Noticed an oklob plant
 20251 | Lair:4   | Noticed an oklob plant
 20373 | Lair:4   | Killed an oklob plant
 20818 | Lair:4   | Got an ancient great mace
 20819 | Lair:4   | Identified the +4 great mace "Giant's Nightmare" {flame,
                  | rElec rC- Dex+2} (You found it on level 4 of the Lair of
                  | Beasts)
 20826 | Lair:4   | Reached XP level 12. HP: 69/69 MP: 12/28
 20966 | Lair:4   | Found a staircase to the Shoals.
 21020 | Lair:4   | Reached skill level 1 in Air Magic
 22182 | Lair:5   | Offered knowledge of Mephitic Cloud by Vehumet.
 23217 | Lair:5   | Found a transporter.
 23234 | Lair:5   | Found a transporter.
 23247 | Lair:5   | Noticed wilfster70's ghost (journeyman DrFE)
 23276 | Lair:5   | Noticed a death yak
 24329 | D:7      | Killed Cynry's ghost
 24329 | D:7      | Reached skill level 10 in Dodging
 24818 | D:7      | Found Coarhay's Food Emporium.
 25101 | D:11     | You fall into a shaft and drop 3 floors!
 25288 | D:13     | Reached **** piety under Vehumet
 25487 | D:12     | Offered knowledge of Venom Bolt by Vehumet.
 26124 | D:12     | Noticed a two-headed ogre
 26126 | D:12     | Killed a two-headed ogre
 27186 | D:12     | Found a staircase to the Orcish Mines.
 27829 | D:11     | Found Lauh's Gadget Shop.
 27837 | D:11     | Bought a wand of digging (7) for 308 gold pieces
 27861 | D:11     | Reached XP level 13. HP: 76/76 MP: 5/29
 27863 | D:11     | Reached ***** piety under Vehumet
 28520 | Lair:6   | Entered Level 6 of the Lair of Beasts
 28532 | Lair:6   | Offered knowledge of Bolt of Magma by Vehumet.
 28540 | Lair:5   | Learned a level 5 spell: Bolt of Magma
 28762 | Lair:5   | Reached skill level 5 in Air Magic
 29471 | Lair:6   | Found a viscous altar of Jiyva.
 29471 | Lair:6   | Found a staircase to the Slime Pits.
 30721 | Lair:6   | Identified a scroll of acquirement
 34606 | D:11     | Reached XP level 14. HP: 84/84 MP: 7/30
 35045 | D:11     | Offered knowledge of Irradiate by Vehumet.
 35126 | D:11     | Reached skill level 1 in Polearms
 35478 | D:11     | Paralysed by a centaur for 7 turns
 35935 | D:11     | Noticed a storm dragon
 36250 | D:10     | Learned a level 6 spell: Iron Shot
 36340 | D:11     | HP: 3/84 [eight-headed hydra (7)]
 36340 | D:11     | HP: 1/84 [eight-headed hydra (2)]
 36761 | Orc:1    | Entered Level 1 of the Orcish Mines
 37144 | D:12     | Reached skill level 1 in Earth Magic
 38299 | Orc:1    | Noticed a stone giant
 38303 | Orc:1    | Killed a stone giant
 38799 | Orc:2    | Entered Level 2 of the Orcish Mines
 38920 | Orc:2    | Noticed Erolcha
 39118 | Orc:1    | Killed Erolcha
 39268 | Orc:2    | Found a dark tunnel.
 39272 | Volcano  | Entered a volcano
 40091 | Orc:2    | Reached skill level 15 in Conjurations
 40127 | Orc:2    | Offered knowledge of Bolt of Fire by Vehumet.
 40198 | Orc:1    | Learned a level 6 spell: Bolt of Fire
 40518 | Orc:2    | Paralysed by an orc sorcerer for 5 turns
 40524 | Orc:2    | Found Odos's Book Shop.
 40524 | Orc:2    | Found Basiyvud's Antique Armour Emporium.
 40528 | Orc:2    | Found Vizicaeb's Magic Scroll Shop.
 40528 | Orc:2    | Found Buwkeo Huyj's Assorted Antiques.
 40538 | Orc:2    | Bought a scroll of blinking for 105 gold pieces
 40552 | Orc:2    | Bought the Catalogue of the Compass for 1276 gold pieces
 40556 | Orc:2    | Bought a scroll of fog for 28 gold pieces
 40556 | Orc:2    | Bought a scroll of blinking for 105 gold pieces
 40556 | Orc:2    | Bought a scroll of teleportation for 42 gold pieces
 40561 | Orc:2    | Learned a level 2 spell: Blink
 40699 | Orc:2    | Found a staircase to the Elven Halls.
 40721 | Orc:2    | Found a roughly hewn altar of Beogh.
 40791 | Orc:2    | Found Kitivux's Antique Weapon Emporium.
 41755 | D:13     | Reached skill level 5 in Earth Magic
 42787 | D:13     | Found a gate to the Vaults.
 42967 | D:13     | Reached XP level 15. HP: 78/90 MP: 29/32
 43403 | D:13     | Reached XP level 16. HP: 96/96 MP: 34/34
 43404 | D:13     | Reached skill level 10 in Earth Magic
 43404 | D:13     | Reached XP level 17. HP: 100/100 MP: 35/35
 44621 | D:14     | Reached skill level 12 in Fire Magic
 45366 | D:15     | Entered Level 15 of the Dungeon
 45453 | D:15     | Reached ****** piety under Vehumet
 45456 | D:15     | Reached skill level 1 in Translocations
 45860 | D:15     | Offered knowledge of Lee's Rapid Deconstruction by Vehumet.
 46346 | D:15     | Found a deep blue altar of Sif Muna.
 47056 | D:15     | Found a staircase to the Depths.
 47706 | D:11     | Found a burning altar of Makhleb.
 47740 | D:11     | Got a heavily runed leather armour
 47751 | D:11     | Identified the +2 leather armour of Nobility {Dex+4} (You
                  | found it on level 11 of the Dungeon)
 48141 | Lair:3   | Killed Voker57's ghost
 48418 | Lair:3   | Identified the +5 hunting sling of Wu Jian's Reproof
                  | {freeze, Fragile rF++ Str+8 Int-5} (You found it on level 3
                  | of the Lair of Beasts)
 48510 | Spider:1 | Entered Level 1 of the Spider Nest
 48553 | Spider:1 | Reached skill level 1 in Staves
 50568 | Spider:2 | Offered knowledge of Conjure Ball Lightning by Vehumet.
 51018 | Shoals:1 | Entered Level 1 of the Shoals
 51032 | Shoals:1 | Noticed Frances
 51322 | Lair:4   | Killed Frances
 51459 | Shoals:1 | Found a frozen archway.
 51474 | IceCv    | Entered an ice cave
 51996 | IceCv    | Got a pair of shimmering gloves
 52007 | IceCv    | Identified the +2 pair of gloves of Ontan {*Contam rC+++
                  | rN++ Str-2} (You found it in an ice cave)
 52038 | IceCv    | Reached skill level 10 in Fighting
 52690 | IceCv    | Gained mutation: Your magical capacity is low. (-10% MP)
                  | [mutagenic glow]
 52875 | Shoals:1 | Noticed Roxanne
 53556 | Shoals:1 | Identified the Catalogue of the Voyage
 53694 | Shoals:1 | Reached XP level 18. HP: 107/107 MP: 17/34
 53803 | Shoals:1 | Reached skill level 5 in Staves
 54921 | Shoals:1 | Killed Roxanne
 54935 | Shoals:1 | Got a steaming short sword
 54936 | Shoals:1 | Identified the +6 short sword "Coesmeso" {antimagic, Int+4}
                  | (You found it on level 1 of the Shoals)
 55733 | Shoals:2 | Found Gataige's Armour Boutique.
 55750 | Shoals:2 | Bought a +0 buckler of protection for 207 gold pieces
 56063 | Shoals:2 | Found Acedievvau's Jewellery Boutique.
 56278 | Shoals:2 | Found Mottyumn's Weapon Emporium.
 57655 | Shoals:3 | Found Xytzair's Mayhem Merchandise.
 57663 | Shoals:3 | Offered knowledge of Bolt of Cold by Vehumet.
 58270 | Shoals:4 | Entered Level 4 of the Shoals
 58270 | Shoals:4 | Noticed Ilsuiw
 59399 | Lair:6   | Killed wilfster70's ghost
 59506 | Lair:5   | Got a steaming iron ring
 59520 | Lair:5   | Identified the ring "Muihur" {+Inv rN+ Str+2} (You found it
                  | on level 5 of the Lair of Beasts)
 63156 | Spider:2 | Offered knowledge of Freezing Cloud by Vehumet.
 65569 | Spider:3 | Learned a level 7 spell: Orb of Destruction
 65605 | Spider:4 | Entered Level 4 of the Spider Nest
 65616 | Spider:3 | Reached XP level 19. HP: 109/113 MP: 23/36
 66789 | Spider:4 | Reached skill level 15 in Dodging
 66795 | Spider:4 | Reached skill level 15 in Spellcasting
 68316 | Spider:4 | Offered knowledge of Fire Storm by Vehumet.
 68316 | Spider:4 | Offered knowledge of Glaciate by Vehumet.
 68316 | Spider:4 | Offered knowledge of Ignition by Vehumet.
 68417 | Spider:4 | Got an encrusted shield
 68428 | Spider:4 | Identified the +0 shield of Hadjma {+Fly Dex-2 SInv} (You
                  | found it on level 4 of the Spider Nest)
 69671 | Spider:4 | Reached skill level 15 in Earth Magic
 71501 | Spider:4 | Reached skill level 10 in Staves
 71631 | Spider:4 | Got a gossamer rune of Zot
 72224 | D:7      | Bought a ration for 50 gold pieces
 72224 | D:7      | Bought a ration for 50 gold pieces
 72224 | D:7      | Bought a ration for 50 gold pieces
 72224 | D:7      | Bought a ration for 50 gold pieces
 72224 | D:7      | Bought a ration for 50 gold pieces
 72224 | D:7      | Bought a ration for 50 gold pieces
 72224 | D:7      | Bought a ration for 50 gold pieces
 72224 | D:7      | Bought a ration for 50 gold pieces
 72457 | Vaults:1 | Entered Level 1 of the Vaults
 74469 | Vaults:1 | Reached skill level 13 in Fire Magic
 75412 | Vaults:1 | Reached XP level 20. HP: 95/120 MP: 2/37
 79429 | Vaults:2 | Found a staircase to the Crypt.
 80125 | Vaults:3 | Reached skill level 14 in Fire Magic
 81660 | Vaults:3 | Got an iridescent dire flail
 81661 | Vaults:3 | Identified the cursed +0 dire flail of Arbitration
                  | {distort, Str+3 Int+3} (You found it on level 3 of the
                  | Vaults)
 82139 | Vaults:3 | Reached XP level 21. HP: 126/126 MP: 23/39
 83206 | Vaults:4 | Reached skill level 1 in Armour
 83569 | Vaults:4 | Got a polished shield
 83580 | Vaults:4 | Identified the +4 shield of Guvenwoi {SInv} (You found it
                  | on level 4 of the Vaults)
 83949 | Vaults:4 | Noticed Donald
 83951 | Vaults:4 | Reached skill level 15 in Fire Magic
 83954 | Vaults:4 | Killed Donald
 85163 | Vaults:4 | Found Oje Qug's Antique Armour Shop.
 85172 | Vaults:4 | Bought a runed cloak for 150 gold pieces
 86320 | Shoals:4 | Killed Ilsuiw
 86890 | Shoals:4 | Identified the +12 dagger of the Seventy-Seven Wars {pain,
                  | rElec rC+ Int+4}
 88267 | Shoals:4 | Reached skill level 16 in Fire Magic
 88604 | Shoals:4 | Got a barnacled rune of Zot
 90028 | Depths:1 | Entered Level 1 of the Depths
 90959 | Depths:1 | You fall into a shaft and drop 1 floor!
 90979 | Depths:2 | HP: 3/128 [jiangshi[a vampire mage] (10)]
 91408 | Depths:1 | Reached skill level 5 in Armour
 91666 | Depths:1 | Noticed an ancient lich
 91671 | Depths:1 | Killed an ancient lich
 91671 | Depths:1 | Reached XP level 22. HP: 133/133 MP: 9/40
 92181 | Depths:1 | Found a gateway to Hell.
 93304 | Depths:1 | Reached skill level 17 in Fire Magic
 93337 | Depths:1 | Identified Sif Muna's Guide on Darkness
 93492 | Depths:1 | Found Laag's Gadget Emporium.
 93493 | Depths:1 | Found Xakk's Jewellery Shop.
 93493 | Depths:1 | Found Vaileniq's Jewellery Shop.
 93505 | Depths:1 | Bought an uncursed ring of poison resistance for 240 gold
                  | pieces
 93505 | Depths:1 | Bought the ring of Gyqoq {rElec MP+9 Str+3 Dex+2} for 534
                  | gold pieces
 97109 | Depths:2 | Found a deep blue altar of Sif Muna.
 97171 | Depths:2 | Identified the amulet of Besiuloi {RegenMP rF+}
 97423 | Depths:2 | Found a gateway to a ziggurat.
 97805 | Depths:2 | Noticed an ancient lich
 97820 | Depths:2 | HP: 2/135 [ancient lich/crystal spear (94)]
 98651 | Depths:2 | Killed an ancient lich
 98651 | Depths:2 | Reached skill level 18 in Fire Magic
 98723 | Depths:2 | Found an ancient bone altar of Kikubaaqudgha.
 99283 | Depths:2 | Reached XP level 23. HP: 126/140 MP: 19/41
 99794 | Depths:3 | Found a shimmering altar of Xom.
100473 | Orc:2    | Bought a wand of acid (8) for 240 gold pieces
100473 | Orc:2    | Bought an inconspicuous book for 450 gold pieces
100473 | Orc:2    | Bought a potion of cancellation for 240 gold pieces
100473 | Orc:2    | Bought a potion of cancellation for 240 gold pieces
100520 | Elf:1    | Entered Level 1 of the Elven Halls
100696 | Elf:1    | Identified the Guide on Combat Magic
100773 | Elf:1    | Found Jeplocs's General Store.
102369 | Elf:2    | Noticed Azrael
102388 | Elf:2    | Killed Azrael
102672 | Elf:2    | Found a runed translucent gate.
102672 | Elf:2    | Found a runed translucent gate.
102675 | Elf:2    | Found a runed translucent gate.
102707 | Elf:2    | Reached skill level 10 in Armour
102738 | Elf:2    | Reached skill level 19 in Fire Magic
104078 | Elf:3    | Entered Level 3 of the Elven Halls
104087 | Elf:3    | Noticed Louise
104105 | Elf:2    | Killed Louise
105336 | Elf:3    | Found Eqeonif's Distillery.
105369 | Elf:3    | Bought a potion of cancellation for 136 gold pieces
105369 | Elf:3    | Bought a potion of curing for 51 gold pieces
105369 | Elf:3    | Bought a potion of heal wounds for 85 gold pieces
105369 | Elf:3    | Bought a potion of brilliance for 68 gold pieces
105369 | Elf:3    | Bought a potion of curing for 51 gold pieces
105666 | Elf:3    | Reached XP level 24. HP: 148/148 MP: 41/41
106030 | Elf:3    | Identified the Almanac of Dislocated Snow
107091 | Depths:3 | Noticed Boris
107099 | Depths:3 | Killed Boris
107349 | Depths:3 | Noticed a juggernaut
107515 | Depths:3 | Reached skill level 20 in Fire Magic
107667 | Depths:3 | Identified the ring "Baenetem" {rElec rC- rN+ MP+9}
108278 | Depths:3 | Found a blossoming altar of Fedhas.
108805 | Depths:3 | Got an ichor-stained scale mail
108806 | Depths:3 | Identified the +4 scale mail "Lenun" {rC+} (You found it on
                  | level 3 of the Depths)
108893 | Depths:3 | Killed a juggernaut
109488 | Depths:3 | Identified the ring "Jiefri" {rC+ Str+5 Dex+6 SInv Stlth+}
109488 | Depths:3 | Noticed Sojobo
109498 | Depths:3 | Killed Sojobo
109615 | Depths:3 | Found a one-way gate leading to the halls of Pandemonium.
110039 | Depths:3 | Got a heavily runed bronze ring
110043 | Depths:3 | Identified the ring of Tecsasid {+Blink +Inv rPois} (You
                  | found it on level 3 of the Depths)
111926 | Depths:4 | Reached XP level 25. HP: 150/154 MP: 29/42
112010 | Depths:4 | Learned a level 9 spell: Fire Storm
112232 | Depths:4 | Noticed a juggernaut
112233 | Depths:4 | Found the +7 Singing Sword {slice, sonic wave}
113300 | Depths:4 | Killed a juggernaut
113754 | Depths:4 | Reached skill level 21 in Fire Magic
114412 | Depths:5 | Entered Level 5 of the Depths
115469 | Depths:5 | Found a gate to the Realm of Zot.
115906 | Depths:5 | Noticed a juggernaut
115914 | Depths:5 | Killed a juggernaut
115914 | Depths:5 | Reached skill level 15 in Fighting
117302 | Depths:5 | Noticed Boris
117830 | Depths:5 | Killed Boris
118438 | Elf:1    | Bought a scroll of teleportation for 36 gold pieces
118438 | Elf:1    | Bought a scroll of fog for 24 gold pieces
119131 | Depths:4 | Found a one-way gate to the infinite horrors of the Abyss.
119301 | Depths:4 | Voluntarily entered the Abyss.
119383 | Abyss:1  | Found a basalt altar of Yredelemnul.
119431 | Depths:4 | Escaped the Abyss
119828 | Crypt:1  | Entered Level 1 of the Crypt
120147 | Depths:1 | Bought the ring of Bochojodd {rN+ EV+6} for 1159 gold
                  | pieces
120865 | Crypt:1  | Found an ancient bone altar of Kikubaaqudgha.
123860 | Crypt:2  | Reached XP level 26. HP: 161/161 MP: 40/43
124210 | Crypt:2  | Reached skill level 22 in Fire Magic
125571 | Crypt:3  | Entered Level 3 of the Crypt
126369 | Crypt:3  | Found a staircase to the Tomb.
126597 | Crypt:3  | Got a pair of twisted gloves
126608 | Crypt:3  | Identified the +0 pair of gloves of Baldness {rF+ rC+
                  | rCorr} (You acquired it on level 3 of the Crypt)
126610 | Crypt:3  | Got a smoking jade amulet
126612 | Crypt:3  | Identified the amulet of Doubts {Reflect Str+6 SH+2} (You
                  | acquired it on level 3 of the Crypt)
126617 | Crypt:3  | Got a citrine-encrusted ring mail
126618 | Crypt:3  | Identified the +3 ring mail of Fedhas's Envy {*Slow rPois
                  | Regen+ Str+8} (You found it on level 3 of the Crypt)
127661 | Crypt:3  | Identified the +8 falchion of a bazaar {pain, rPois rC+
                  | Dex+4 Stlth-}
127847 | Crypt:3  | Found an ancient bone altar of Kikubaaqudgha.
127863 | Crypt:3  | Identified the +1 arbalest "Cuowk" {velocity, *Drain +Fly
                  | rPois rC+}
128022 | Crypt:3  | Noticed an ancient lich
128025 | Crypt:3  | Killed an ancient lich
130077 | Slime:1  | Entered Level 1 of the Pits of Slime
130549 | Slime:2  | Found a viscous altar of Jiyva.
130769 | Slime:2  | Reached skill level 23 in Fire Magic
131032 | Slime:3  | Gained mutation: You have a pair of small antennae on your
                  | head. [a shining eye]
131599 | Slime:5  | Entered Level 5 of the Pits of Slime
132055 | Slime:4  | Gained mutation: Your magical capacity is very low. (-20%
                  | MP) [a shining eye]
132633 | Slime:5  | Noticed the Royal Jelly
132639 | Slime:5  | Killed the Royal Jelly
132804 | Slime:5  | Reached XP level 27. HP: 139/168 MP: 39/39
132860 | Slime:5  | Found the +8 frozen axe "Frostbite" {freezing cloud, *Noise
                  | +Fly rC+}
132967 | Slime:5  | Got a slimy rune of Zot
133008 | Slime:5  | Identified Urchiaq's Volume of Flight and Transformation
133032 | Slime:5  | Got a warped glass ring
133033 | Slime:5  | Identified the ring "Taarawno" {Fire +Inv rN+ Stlth+} (You
                  | found it on level 5 of the Pits of Slime)
133039 | Slime:5  | Got a twisted bardiche
133040 | Slime:5  | Identified the +5 bardiche of the Coward {drain, rC+ Int+6}
                  | (You found it on level 5 of the Pits of Slime)
133047 | Slime:5  | Got a translucent scimitar
133048 | Slime:5  | Identified the +2 scimitar of Fedhas's Approval {freeze,
                  | *Contam rF+ MR+ Dex+3} (You found it on level 5 of the Pits
                  | of Slime)
133073 | Slime:5  | Got a jasper-encrusted ring mail
133074 | Slime:5  | Identified the +1 ring mail of Gozag's Envy {MR- Str+4
                  | Int+3} (You found it on level 5 of the Pits of Slime)
133088 | Slime:5  | Got a pitted scythe
133089 | Slime:5  | Identified the +6 scythe of Dim Light {freeze, *Rage rPois
                  | Str+6 Stlth+} (You found it on level 5 of the Pits of
                  | Slime)
133326 | Lair:6   | Learned a level 8 spell: Ignition
133811 | Zot:1    | Entered Level 1 of the Realm of Zot
134257 | Depths:5 | HP: 8/168 [green draconian monk (14)]
134257 | Depths:5 | HP: 1/168 [death cob (7)]
135203 | Depths:4 | Killed from afar by a quicksilver dragon

Levels and vault maps discovered:
D:1:      wheals_arrival_linesprint, layout_basic
D:2:      layout_rooms
D:3:      layout_loops_ring, grunt_temple_overflow_champion_of_chaos,
          lemuel_round_altar, lemuel_crystal_altar, uniq_natasha
D:4:      layout_basic, nicolae_overflow_hidden_temple, lemuel_round_altar,
          first_ration, uniq_blork_the_orc, uniq_grinder
D:5:      layout_loops_ring, cheibrodos_sewer_entry_drain, uniq_edmund,
          uniq_menkaure
D:6:      gammafunk_wand_slinger, layout_loops_cross, overflow_temple_1_default,
          minmay_temple_entry_mini_moons, uniq_duvessa
D:7:      layout_basic, ebering_ghost_rock_garden, serial_shops,
          nicolae_shop_trees
D:8:      layout_rooms, nicolae_dithmenos_the_darkroom, kennysheep_mini,
          serial_shops, shop_fountains
D:9:      layout_stronghold, hangedman_little_slice_of_home
D:10:     layout_basic, dpeg_oklobed_lair
D:11:     minmay_the_grid_square_5x5_5x5_mashed
          [minmay_the_grid_square_5x5_lines, minmay_the_grid_square_5x5_forky,
          minmay_the_grid_square_5x5_two_walls_a,
          minmay_the_grid_square_5x5_intrusive_squares,
          minmay_the_grid_square_5x5_z, minmay_the_grid_square_5x5_moneybag,
          minmay_the_grid_square_5x5_prize_monsterx,
          minmay_the_grid_square_5x5_eight,
          minmay_the_grid_square_5x5_prize_waves,
          minmay_the_grid_square_5x5_minibox,
          minmay_the_grid_square_5x5_three_walls,
          minmay_the_grid_square_5x5_comb,
          minmay_the_grid_square_5x5_prize_rear_guard,
          minmay_the_grid_square_5x5_spiral, minmay_the_grid_square_5x5_shrine1,
          minmay_the_grid_square_5x5_inner_i,
          minmay_the_grid_square_5x5_prize_junk,
          minmay_the_grid_square_5x5_almost_minimal,
          minmay_the_grid_square_5x5_prize_snowflake,
          minmay_the_grid_square_5x5_inset,
          minmay_the_grid_square_5x5_tri_point, minmay_the_grid_square_5x5_n,
          minmay_the_grid_square_5x5_two, minmay_the_grid_square_5x5_six,
          minmay_the_grid_square_5x5_three_small], layout_rooms, serial_shops,
          nicolae_shop_stone
D:12:     layout_cave_pods, zombieorc2_lemuel, kennysheep_generic_room_4
D:13:     layout_loops_corners, hangedman_vaults_entry_quadrant_bands
D:14:     layout_roguey, nrook_campfire
D:15:     grunt_enter_depths_magical_seal, layout_irregular_city, basic_altar,
          minmay_crystal_room, grunt_ministairs_7, minmay_misc_feat_five
Temple:   dshaligram_water_room_temple
Lair:1:   layout_cave_pods, serial_bayou_lagoon_b, serial_bayou_shore_b,
          infiniplex_staircase_pool_2
Lair:2:   layout_small_grid
Lair:3:   layout_long_grid, spider_nest_entry_funnel_web, ebering_ghost_xom,
          lemuel_fruit_fields
Lair:4:   dpeg_oklob_gauntlet, layout_gridlike, minmay_shoals_entry_hut,
          beast_lair_carwin_5
Lair:5:   layout_roguey, gammafunk_ghost_berserking_beasts,
          chequers_serial_rivers_large_a, chequers_serial_rivers_room_a
Lair:6:   hangedman_lair_caniforms_friends, layout_concentric_octagons,
          dpeg_slime_entry_enclosed_altar
Shoals:1: layout_shoals, portal_ice_cave_entry_ice_statue_one, uniq_roxanne,
          uniq_frances
Shoals:2: layout_shoals, serial_shops, shop, shop, shop, st_cyclops
Shoals:3: layout_shoals, minmay_shop_mayhem, ldierk_geyser,
          nicolae_shoals_hunting_party
Shoals:4: shoals_end_grunt_ice, layout_shoals, shoal_ilsuiw, kb_tengu_band
Spider:1: layout_spider_delve, drop_trap
Spider:2: layout_spider_delve
Spider:3: layout_spider_delve
Spider:4: floodkiller_spider_rune_tomb, nicolae_orb_stairs
Slime:1:  layout_caves
Slime:2:  layout_caves, basic_altar, cheibrodos_slime_lost_civilization_7
Slime:3:  layout_caves, cheibrodos_slime_lost_civilization_5
Slime:4:  layout_caves
Slime:5
Orc:1:    layout_diamond_mine
Orc:2:    grunt_orc_tribal_feast, layout_caves, serial_shops, shop, basic_altar,
          nicolae_volcano_entry_lava_flow, uniq_erolcha
Elf:1:    minmay_elf_crystal_square, layout_loops_corners, serial_shops,
          nicolae_shop_behind_doors, special_room [special_room_orc],
          minmay_elf_annihilation, grunt_ministairs_7
Elf:2:    layout_loops_ring, grunt_ministairs_2, feat_on_display, uniq_azrael
Elf:3:    minmay_elf_hall_dome, layout_loops_corners, serial_sigils,
          serial_sigils_hangedman_etch, serial_sigils_hangedman_snap,
          serial_sigils_hangedman_snap, serial_sigils_hangedman_quiver,
          serial_sigils_hangedman_stare, serial_shops, nicolae_shop_statue_plus,
          uniq_louise
Vaults:1: vaults_room_pool, v_misc_28, nicolae_vaults_border_crossing,
          nicolae_vaults_twisting_passages, nicolae_vaults_ninety_degrees,
          nicolae_vaults_windows_and_doors_thing,
          vaults_room_grunt_arrival_ludios, hangedman_vaults_corner_blocks,
          v_misc_16, ontoclasm_vaults_decontamination, v_misc_13, v_misc_15,
          ontoclasm_vaults_twist, ontoclasm_vaults_shuriken,
          vaults_room_door_ring, layout_vaults_ring
Vaults:2: hangedman_vaults_stagger, nicolae_vaults_ring_of_whatevers,
          ontoclasm_vaults_gateway, st_quartered_hall, nicolae_vaults_rhombus_6,
          vaults_room_semicircle, nicolae_vaults_rhombus_6, vaults_mumra_lcd,
          nicolae_vaults_shelves_hall, vaults_mumra_chevron_long,
          nicolae_vaults_little_squares_4, minmay_crypt_entry_nasty_monster,
          v_misc_16, layout_vaults_omnibox
Vaults:3: vaults_mumra_minichess, v_misc_17, nicolae_vaults_asterisk,
          hangedman_vaults_variations, ontoclasm_vaults_misaligned,
          vaults_mumra_chevron, ontoclasm_vaults_ring_square,
          nicolae_vaults_ring_of_whatevers, nicolae_vaults_theta,
          ontoclasm_vaults_pinch, v_misc_9, vaults_room_guarded_vault,
          nicolae_vaults_rhombus_7, layout_vaults_chaotic_city
Vaults:4: v_misc_30, st_smaller_cells, v_misc_14, v_misc_16,
          grunt_vaults_funnel, layout_vaults_omnigrid, serial_shops, shop,
          uniq_donald
Crypt:1:  layout_regular_city, serial_co_window_serial, co_window_paths_a,
          co_window_corner_a, co_window_cross_1, co_window_paths_a,
          co_window_corner_a, co_window_broadway_b, co_window_broadway_c,
          co_window_cross_4, co_window_broadway_a, co_window_4corner_b,
          glass_columns_c, lemuel_hellish_altar
Crypt:2:  layout_misc_corridors, grunt_megastairs_1
Crypt:3:  church_of_pain_bobbens, layout_chaotic_city, uniq_sojobo
Depths:1: layout_twisted_cross, special_room [special_room_morgue],
          grunt_decor_cap, hell_entry, lemuel_flamethrower_2, minmay_shop_grove
Depths:2: evilmike_negative_zone, layout_cave_shapes, enter_ziggurat_a,
          hellmouth_3, minmay_fountain_box, hangedman_summoners_spam
Depths:3: hangedman_spin_cycle, hell_entry, pan_entry, uniq_boris
Depths:4: grunt_arcs, layout_cave_shapes, marbit_kobold_abyss_entry,
          pf_hell_entry_tar_river, nicolae_twisting_strands,
          minmay_staircase_windowed_large
Depths:5: grunt_crosshair, layout_basic, hellmouth_1,
          minmay_misc_feat_more_columns, minivault_14
Zot:1:    layout_misc_corridors

Skill      XL: |  1  2  3  4  5  6  7  8  9 10 11 12 13 14 15 16 17 18 19 20 21 22 23 24 25 26 |
---------------+-------------------------------------------------------------------------------+-----
Conjurations   | 2 3 4 5 6 8 9 11 12 14 15 16 17 18 19 20 21 | 21.7
Fire Magic     | 4 5 6 7 8 10 11 12 13 14 16 18 19 20 21 23 | 23.7
Dodging        | 3 4 5 6 7 8 10 11 12 14 15 16 | 16.6
Fighting       | 1 2 3 4 5 7 8 9 10 11 12 13 14 15 16 | 16.2
Spellcasting   | 4 6 7 9 10 11 12 13 14 15 16 17 18 20 | 20.3
Shields        | 3 4 |  4.0
Air Magic      | 4 6 7 |  7.0
Polearms       | 3 |  3.0
Earth Magic    | 5 7 10 12 14 15 | 15.0
Translocations | 3 |  3.0
Staves         | 4 8 10 11 | 11.7
Armour         | 5 8 10 12 13 14 | 14.0
Stealth        | |  2.4

Action                   |  1- 3 |  4- 6 |  7- 9 | 10-12 | 13-15 | 16-18 | 19-21 | 22-24 | 25-27 || total
-------------------------+-------+-------+-------+-------+-------+-------+-------+-------+-------++-------
Melee: Short sword       |     2 |    38 |     3 |     4 |       |       |       |       |       ||    47
       Dire flail        |       |       |    57 |       |       |       |       |       |       ||    57
       Whip              |       |       |       |     1 |     8 |       |       |       |       ||     9
       Demon trident     |       |       |       |       |    26 |    28 |    17 |       |       ||    71
       Staff             |       |       |       |       |       |    47 |    26 |    23 |    66 ||   162
       Great mace        |       |       |       |       |       |     1 |       |       |       ||     1
       Dagger            |       |       |       |       |       |       |    11 |     8 |       ||    19
 Cast: Flame Tongue      |    44 |    55 |   147 |   215 |    58 |    46 |    60 |       |     6 ||   631
       Throw Flame       |    43 |    61 |   108 |   187 |   133 |   160 |    88 |     4 |     3 ||   787
       Sticky Flame      |       |     2 |    18 |    76 |    49 |    65 |    49 |    28 |    33 ||   320
       Conjure Flame     |       |       |     7 |    10 |     1 |     1 |     1 |       |     2 ||    22
       Fireball          |       |       |     8 |   109 |   179 |   222 |   424 |   430 |   300 ||  1672
       Airstrike         |       |       |       |    13 |    97 |    47 |    15 |    23 |    19 ||   214
       Bolt of Magma     |       |       |       |       |    30 |       |       |       |       ||    30
       Iron Shot         |       |       |       |       |    66 |   224 |   306 |   437 |   298 ||  1331
       Bolt of Fire      |       |       |       |       |    15 |    44 |    72 |    82 |   221 ||   434
       Blink             |       |       |       |       |       |    16 |     6 |     8 |    25 ||    55
       Orb of Destructio |       |       |       |       |       |       |     3 |    76 |   106 ||   185
       Fire Storm        |       |       |       |       |       |       |       |       |    20 ||    20
Evoke: Wand              |       |       |     1 |    15 |       |       |       |     2 |       ||    18
  Use: Scroll            |       |     6 |     9 |    17 |    15 |    22 |    19 |    10 |    18 ||   116
       Potion            |       |     3 |     4 |       |     3 |    18 |     7 |     6 |    13 ||    54
  Eat: Chunk             |     4 |     7 |    11 |    25 |    89 |    83 |   108 |    53 |    11 ||   391
       Ration            |     1 |     1 |     3 |    14 |     6 |    20 |     9 |    18 |    20 ||    92
Armor: Robe              |     8 |     8 |    41 |    39 |    17 |       |       |       |       ||   113
       Acid dragon scale |       |       |       |       |    17 |   165 |    93 |       |       ||   275
       Leather armour    |       |       |       |       |       |     4 |       |       |       ||     4
       Fire dragon scale |       |       |       |       |       |       |    66 |   154 |   194 ||   414
Dodge: Dodged            |    37 |    41 |   101 |   164 |   204 |   511 |   435 |   283 |   388 ||  2164
Block: Buckler           |       |       |       |    32 |    53 |   103 |   116 |    70 |   151 ||   525
       Reflection        |       |       |       |       |       |       |       |       |     3 ||     3

Table legend:
 A = Non-vault XP
 B = Vault XP
 C = Vault XP percentage of total XP
 D = Non-vault monster count
 E = Vault monster count
 F = Vault count percentage of total count
                 A         B        C        D         E       F
            +---------+---------+-------+---------+---------+-------
      Total |  722495 |  700379 |  49.2 |    1553 |     990 |  38.9
            +---------+---------+-------+---------+---------+-------
        D:1 |      50 |       0 |   0.0 |      31 |       0 |   0.0
        D:2 |      38 |      50 |  56.8 |      11 |       1 |   8.3
        D:3 |     262 |      35 |  11.8 |      31 |       1 |   3.1
        D:4 |     283 |     152 |  34.9 |       9 |       1 |  10.0
        D:5 |     922 |     335 |  26.7 |      23 |       5 |  17.9
        D:6 |     528 |     761 |  59.0 |      15 |       9 |  37.5
        D:7 |     765 |     868 |  53.2 |      12 |       1 |   7.7
        D:8 |    1318 |       0 |   0.0 |      19 |       0 |   0.0
        D:9 |     962 |     161 |  14.3 |      25 |       8 |  24.2
       D:10 |    3404 |    1431 |  29.6 |      38 |       2 |   5.0
       D:11 |    3628 |   13105 |  78.3 |      27 |      46 |  63.0
       D:12 |    4747 |    1040 |  18.0 |      36 |      37 |  50.7
       D:13 |    8710 |    5451 |  38.5 |      43 |      18 |  29.5
       D:14 |   14046 |       0 |   0.0 |      49 |       0 |   0.0
       D:15 |   19637 |    5894 |  23.1 |      38 |      12 |  24.0
     Temple |      81 |       0 |   0.0 |       1 |       0 |   0.0
     Lair:1 |    1211 |       0 |   0.0 |       8 |       0 |   0.0
     Lair:2 |    3616 |       0 |   0.0 |      16 |       0 |   0.0
     Lair:3 |    3345 |    3419 |  50.5 |       8 |       5 |  38.5
     Lair:4 |    2944 |    5552 |  65.3 |      12 |      11 |  47.8
     Lair:5 |    8267 |    2370 |  22.3 |      26 |       5 |  16.1
     Lair:6 |   11196 |   10887 |  49.3 |      33 |      57 |  63.3
   Shoals:1 |   17042 |    2374 |  12.2 |      37 |       2 |   5.1
   Shoals:2 |    7401 |    5074 |  40.7 |      15 |       8 |  34.8
   Shoals:3 |   18179 |    4179 |  18.7 |      32 |       7 |  17.9
   Shoals:4 |   19856 |   28675 |  59.1 |      44 |      39 |  47.0
   Spider:1 |   16322 |       0 |   0.0 |      39 |       0 |   0.0
   Spider:2 |   21759 |       0 |   0.0 |      61 |       0 |   0.0
   Spider:3 |   21724 |       0 |   0.0 |      55 |       0 |   0.0
   Spider:4 |   20322 |   41224 |  67.0 |      53 |      76 |  58.9
    Slime:1 |    3541 |       0 |   0.0 |       7 |       0 |   0.0
    Slime:2 |    5041 |     265 |   5.0 |       8 |       1 |  11.1
    Slime:3 |   12980 |       0 |   0.0 |      32 |       0 |   0.0
    Slime:4 |    5263 |    2984 |  36.2 |      11 |       2 |  15.4
    Slime:5 |   17849 |   28391 |  61.4 |      32 |      12 |  27.3
      Orc:1 |    5176 |    2258 |  30.4 |      42 |       5 |  10.6
      Orc:2 |    2381 |    6068 |  71.8 |      16 |      23 |  59.0
      Elf:1 |   15219 |   17894 |  54.0 |      24 |      41 |  63.1
      Elf:2 |   18975 |   27635 |  59.3 |      29 |      38 |  56.7
      Elf:3 |   24424 |   36843 |  60.1 |      40 |      24 |  37.5
   Vaults:1 |   12650 |   25239 |  66.6 |      33 |      38 |  53.5
   Vaults:2 |   40020 |   19234 |  32.5 |      60 |      23 |  27.7
   Vaults:3 |   32090 |   20203 |  38.6 |      43 |      28 |  39.4
   Vaults:4 |   18897 |   22876 |  54.8 |      23 |      18 |  43.9
    Crypt:1 |   37570 |    2419 |   6.0 |      57 |      11 |  16.2
    Crypt:2 |   33354 |    3877 |  10.4 |      45 |       3 |   6.2
    Crypt:3 |   22352 |   60796 |  73.1 |      29 |      67 |  69.8
   Depths:1 |   44141 |   30631 |  41.0 |      47 |      27 |  36.5
   Depths:2 |   24643 |   61598 |  71.4 |      24 |      76 |  76.0
   Depths:3 |    2938 |  112185 |  97.4 |       7 |      90 |  92.8
   Depths:4 |   32010 |   51256 |  61.6 |      34 |      49 |  59.0
   Depths:5 |   65898 |   27353 |  29.3 |      51 |      19 |  27.1
      Zot:1 |    8356 |       0 |   0.0 |       6 |       0 |   0.0
    Abyss:1 |    4162 |       0 |   0.0 |       6 |       0 |   0.0
      Sewer |       0 |     170 | 100.0 |       0 |       9 | 100.0
      IceCv |       0 |    5719 | 100.0 |       0 |      31 | 100.0
    Volcano |       0 |    1448 | 100.0 |       0 |       4 | 100.0
            +---------+---------+-------+---------+---------+-------
